 Dungeon Crawl Stone Soup version 0.25-a0-1024-gbfbf38f2cb (webtiles) character file.

Game seed: 17282756426241018460, levelgen mode: deterministic

20885 Flugslaktarn the Cleaver (level 12, -1/100 HPs)
             Began as a Barachi Fighter on May 12, 2020.
             Was an Initiate of Gozag.
             Slain by a troll (10 damage)
             ... on level 14 of the Dungeon.
             The game lasted 00:10:49 (15556 turns).

Flugslaktarn the Cleaver (Barachi Fighter)         Turns: 15556, Time: 00:10:50

Health: -1/100     AC: 26    Str: 26    XL:     12   Next: 84%
Magic:  16/16      EV:  5    Int:  9    God:    Gozag
Gold:   1230       SH: 20    Dex: 10    Spells: 11/11 levels left

rFire    + . .     SeeInvis .   n - +0 broad axe
rCold    . . .     Gourm    .   b - +2 tower shield
rNeg     . . .     Faith    .   s - +0 plate armour
rPois    .         Spirit   .   (no helmet)
rElec    .         Reflect  .   y - +2 cloak
rCorr    .         Harm     .   F - +1 pair of gloves "Dorgh" {*Contam +Inv Str+5 Dex-3}
MR       .....                  o - +0 pair of boots
Stlth    ..........             C - amulet of rage
HPRegen  0.00/turn              E - +4 ring of protection
MPRegen  0.15/turn              f - ring of protection from fire

@: slow
A: +LOS, swims, fangs 1, hooves 1, slowness 1, inhibited regeneration, strong
legs 1
a: Hop, Potion Petition, Call Merchant, Bribe Branch, Renounce Religion, Evoke
Berserk Rage, Evoke Invisibility


You were on level 14 of the Dungeon.
You worshipped Gozag.
Gozag was most pleased with you.
You were not hungry.

You visited 3 branches of the dungeon, and saw 17 of its levels.
You also visited: Sewer.

You collected 2285 gold pieces.
You spent 399 gold pieces at shops.
You paid 656 gold pieces to Gozag.

Inventory:

Hand Weapons
 n - a +0 broad axe (weapon)
   (You took it off an orc warrior on level 9 of the Dungeon)
 B - the +4 rapier "Tyssed" {freeze, rPois Dex+3}
   (You found it on level 1 of the Lair of Beasts)

   It has been specially enchanted to freeze those struck by it, causing extra
   injury to most foes and up to half again as much damage against particularly
   susceptible opponents.
   It can also slow down cold-blooded creatures.
   It affects your dexterity (+3).
   It protects you from poison.
Armour
 b - a +2 tower shield (worn)
   (You found it on level 4 of the Dungeon)
 h - a +2 pair of gloves
   (You found it on level 1 of the Dungeon)
 o - a +0 pair of boots (worn)
   (You found it on level 10 of the Dungeon)
 s - a +0 plate armour (worn)
   (You took it off an orc warrior on level 9 of the Dungeon)
 y - a +2 cloak (worn)
   (You found it on level 3 of the Dungeon)
 F - the +1 pair of gloves "Dorgh" (worn) {*Contam +Inv Str+5 Dex-3}
   (You bought it in a shop on level 12 of the Dungeon)

   It affects your strength (+5).
   It affects your dexterity (-3).
   It lets you turn invisible.
   It causes magical contamination when unequipped.
Jewellery
 f - a ring of protection from fire (right hand)
   (You found it on level 3 of the Dungeon)
 k - an uncursed ring of resist corrosion
   (You found it on level 3 of the Dungeon)
 u - an uncursed amulet of regeneration
   (You found it on level 2 of the Dungeon)
 C - an amulet of rage (around neck)
   (You found it on level 11 of the Dungeon)
 D - an uncursed ring of protection from magic {unknown}
   (You found it on level 1 of the Lair of Beasts)
 E - a +4 ring of protection (left hand)
   (You found it on level 12 of the Dungeon)
 H - an uncursed ring of ice
   (You found it on level 11 of the Dungeon)
Wands
 v - a wand of digging (8)
   (You found it on level 13 of the Dungeon)
Scrolls
 a - 3 scrolls of fear
 c - a scroll of noise
 l - 3 scrolls of enchant weapon
 r - 4 scrolls of identify
 t - 8 scrolls of teleportation
 x - 7 scrolls of remove curse
 z - a scroll of blinking
 I - a scroll of enchant armour
 J - a scroll of torment
Potions
 d - 3 potions of invisibility {unknown}
 g - a potion of cancellation
 j - 2 potions of haste {unknown}
 m - 2 potions of lignification
 p - 10 potions of flight
 q - 5 potions of curing
 w - 2 potions of heal wounds
 A - a potion of magic {unknown}
Miscellaneous
 G - a lightning rod (3/4)
   (You found it on level 1 of the Lair of Beasts)
Comestibles
 e - 15 rations


   Skills:
 + Level 11.3 Fighting
 * Level 13.7 Axes
 + Level 11.4 Armour
 + Level 10.4 Shields
 - Level 6.0 Evocations


You had 11 spell levels left.
You didn't know any spells.
Your spell library was empty.

Dungeon Overview and Level Annotations

Branches:
Dungeon (14/15)            Temple (1/1) D:6            Lair (2/6) D:10
    Orc (0/2) D:9           Sewer (visited)
  Swamp: Lair:2-4    Shoals: Lair:2-4     Snake: Lair:2-4    Spider: Lair:2-4
 Vaults: D:13-14

Altars:
Ashenzari
Cheibriados
Dithmenos
Elyvilon
Fedhas
Gozag
Hepliaklqana
Kikubaaqudgha
Makhleb
Nemelex Xobeh
Okawaru
Qazlal
Ru
Sif Muna
Trog
Uskayaw
Vehumet
Wu Jian
Xom
Yredelemnul
Zin
The Shining One

Shops:
D:11 ?   D:12 [   Lair:1 [


Innate Abilities, Weirdness & Mutations

You can be seen from farther away. (+LOS)
You can swim through water.
You cover ground slowly.
You can hop short distances.
You have very sharp teeth.
You have large cloven feet.
You do not regenerate when monsters are visible.


Message History

The troll claws you but does no damage. x2
You hit the troll. You bite the troll.
The troll is severely wounded.
You closely miss the troll.
The troll is severely wounded.
You block the troll's attack.
The troll claws you but does no damage. x2
You block the troll's attack.
The troll claws you but does no damage. x2
You slash the troll!
The troll is almost dead.
You block the troll's attack. The troll claws you!
* * * LOW HITPOINT WARNING * * *
The troll claws you but does no damage.
You hit the troll. Your bite misses the troll.
The troll is almost dead.
You block the troll's attack. x2; The troll claws you but does no damage.
You closely miss the troll.
The troll is almost dead.
You block the troll's attack. The troll claws you!
You die...
Your body crumbles into a pile of gold.

####### #.....#####
######### ##.%.......#
#.......#
.#.....###.###.......#
.......# #...........#
○# ##.....#
#.###.......#°#
#.....#
#.###......)°°#
#.....#
#......@T.$.###
#...<.# #.########..#
###.### #.#... ..#
#..# #.#.. .## ##.#
#.#.# .#
#####.####.#.# .#
#.......##...# .#
#.......##...# .#
#.......##... .#


You could see a troll.

Vanquished Creatures
  A hydra (D:12)
  Erolcha (D:9)
  A centaur warrior (D:14)
  A tengu warrior (D:11)
  2 two-headed ogres (D:12)
  A cyclops (D:13)
  A deep elf mage (D:13)
  A manticore (D:13)
  A centaur zombie (D:11)
  3 ugly things
  A black mamba (Lair:1)
  A spiny frog (Lair:2)
  A gargoyle (D:13)
  4 centaur skeletons
  3 komodo dragons
  3 trolls
  A hornet (D:7)
  5 blink frogs (Lair:1)
  3 hippogriffs
  A vampire (D:11)
  A spriggan (D:9)
  3 shadows
  4 yaks (D:11)
  2 wyverns
  A hungry ghost (D:11)
  3 basilisks
  2 steam dragons
  Eustachio (D:4)
  A warg (D:9)
  3 vampire mosquitoes (D:13)
  An acid dragon (D:13)
  4 porcupines
  3 water moccasins
  A black bear (D:9)
  6 orc warriors
  An ice beast (D:7)
  8 ogres
  A phantom (D:4)
  3 sky beasts
  11 centaurs
  3 crocodiles
  A big kobold (D:7)
  2 wyvern zombies
  7 bullfrogs
  A water moccasin zombie (D:10)
  2 scorpions
  7 killer bees
  2 jellies
  3 howler monkeys
  4 crimson imps
  6 orc priests
  8 hounds
  4 bullfrog skeletons
  4 iguanas
  5 worker ants
  7 orc wizards
  A hound skeleton (D:6)
  2 worker ant zombies
  4 gnolls (D:5)
  17 adders
  A howler monkey skeleton (D:7)
  3 shadow imps
  5 oozes (Sewer)
  An adder skeleton (D:9)
  10 worms
  3 dart slugs (D:1)
  6 leopard geckos
  33 orcs
  13 giant cockroaches
  7 hobgoblins
  19 jackals
  13 kobolds
  4 quokkas
  3 ball pythons
  A ball python skeleton (D:4)
  14 bats
  2 frilled lizards
  5 goblins
  A leopard gecko skeleton (D:4)
  A quokka skeleton (D:4)
  5 rats
336 creatures vanquished.

Vanquished Creatures (others)
  A worker ant (D:14)
1 creature vanquished.

Grand Total: 337 creatures vanquished

Notes
Turn   | Place    | Note
-------+----------+-------------------------------------------
     0 | D:1      | Flugslaktarn the Barachi Fighter began the quest for the
                  | Orb.
     0 | D:1      | Reached XP level 1. HP: 18/18 MP: 1/1
   166 | D:1      | Reached XP level 2. HP: 24/25 MP: 2/2
   627 | D:1      | Reached XP level 3. HP: 25/30 MP: 3/3
   909 | D:2      | Reached skill level 3 in Axes
  1496 | D:2      | Reached XP level 4. HP: 32/37 MP: 4/4
  1931 | D:3      | Found a glowing drain.
  1949 | Sewer    | Entered a sewer
  2075 | Sewer    | Reached XP level 5. HP: 38/43 MP: 5/5
  2100 | Sewer    | Reached skill level 4 in Axes
  2964 | D:4      | Reached XP level 6. HP: 46/50 MP: 6/6
  3029 | D:4      | Noticed a phantom
  3030 | D:4      | Gained mutation: Your system is resistant to poisons.
                  | (rPois) [potion of mutation]
  3030 | D:4      | Gained mutation: You are occasionally teleported next to
                  | monsters. [potion of mutation]
  3030 | D:4      | Gained mutation: You are partially covered in slimy green
                  | scales. (AC +2) [potion of mutation]
  3031 | D:4      | Lost mutation: You are partially covered in slimy green
                  | scales. (AC +2) [potion of mutation]
  3031 | D:4      | Lost mutation: Your system is resistant to poisons. (rPois)
                  | [potion of mutation]
  3031 | D:4      | Gained mutation: Your flesh is heat resistant. (rF+)
                  | [potion of mutation]
  3031 | D:4      | Gained mutation: You are partially covered in molten
                  | scales. (AC +2) [potion of mutation]
  3041 | D:4      | Killed a phantom
  3041 | D:4      | Reached skill level 5 in Fighting
  3041 | D:4      | Reached skill level 5 in Axes
  3041 | D:4      | Reached skill level 5 in Armour
  3156 | D:4      | Noticed Eustachio
  3185 | D:4      | Killed Eustachio
  3185 | D:4      | Reached XP level 7. HP: 51/56 MP: 7/7
  3620 | D:5      | Entered Level 5 of the Dungeon
  3690 | D:5      | Found a shimmering altar of Xom.
  3785 | D:5      | Reached skill level 6 in Axes
  3785 | D:5      | Reached skill level 5 in Shields
  3964 | D:5      | Reached XP level 8. HP: 56/64 MP: 8/8
  4335 | D:6      | Reached skill level 7 in Axes
  4628 | D:6      | Found a shattered altar of Ashenzari.
  4629 | D:6      | Found a glowing silver altar of Zin.
  4700 | D:6      | Found a staircase to the Ecumenical Temple.
  4707 | Temple   | Entered the Ecumenical Temple
  4835 | Temple   | Became a worshipper of Gozag Ym Sagoz the Greedy
  5194 | D:6      | Found a shimmering blue altar of Sif Muna.
  5194 | D:6      | Found a hide-covered altar of Uskayaw.
  5460 | D:7      | Found a burning altar of Makhleb.
  5485 | D:7      | Reached skill level 8 in Axes
  5485 | D:7      | Reached XP level 9. HP: 72/72 MP: 9/9
  5608 | D:7      | Noticed a hornet
  5614 | D:7      | Paralysed by a hornet for 3 turns
  5629 | D:7      | Killed a hornet
  5670 | D:7      | Lost mutation: Your flesh is heat resistant. (rF+) [potion
                  | of mutation]
  5670 | D:7      | Lost mutation: You are occasionally teleported next to
                  | monsters. [potion of mutation]
  5670 | D:7      | Gained mutation: You are dopey. (Int -2) [potion of
                  | mutation]
  5670 | D:7      | Gained mutation: You do not regenerate when monsters are
                  | visible. [potion of mutation]
  5670 | D:7      | Gained mutation: You possess an exceptional clarity of
                  | mind. [potion of mutation]
  5671 | D:7      | Lost mutation: You possess an exceptional clarity of mind.
                  | [potion of mutation]
  5671 | D:7      | Lost mutation: You are dopey. (Int -2) [potion of mutation]
  5671 | D:7      | Lost mutation: You are partially covered in molten scales.
                  | (AC +2) [potion of mutation]
  5671 | D:7      | Gained mutation: You have very sharp teeth. [potion of
                  | mutation]
  5671 | D:7      | Gained mutation: You have large cloven feet. [potion of
                  | mutation]
  5975 | D:8      | Found a glowing silver altar of Zin.
  5987 | D:8      | Reached skill level 9 in Axes
  6145 | D:8      | Identified the +8 shortbow of Tender Mercy {venom, rF+ rC+
                  | MP-9}
  6162 | D:8      | HP: 3/74 [centaur/arrow (6)]
  6163 | D:8      | HP: 1/74 [poisoned by a centaur]
  6720 | D:8      | Reached XP level 10. HP: 80/80 MP: 10/10
  6932 | D:9      | Reached skill level 10 in Axes
  6932 | D:9      | Reached skill level 1 in Evocations
  6933 | D:9      | Noticed Erolcha
  6943 | D:9      | Killed Erolcha
  7219 | D:9      | Found a staircase to the Orcish Mines.
  7723 | D:10     | Entered Level 10 of the Dungeon
  7940 | D:10     | Found an iron altar of Okawaru.
  8160 | D:10     | Reached skill level 11 in Axes
  8390 | D:10     | Reached XP level 11. HP: 66/89 MP: 13/13
  8487 | D:10     | Found a staircase to the Lair.
  9202 | D:11     | Noticed a tengu warrior
  9217 | D:11     | Noticed a purple ugly thing
  9218 | D:11     | Noticed a brown ugly thing
  9222 | D:11     | Killed a tengu warrior
  9804 | D:11     | Found Puehec's Magic Scroll Shop.
  9807 | D:11     | Bought a scroll of enchant weapon for 112 gold pieces
 10052 | D:12     | Noticed a six-headed hydra
 10058 | D:12     | Reached skill level 10 in Armour
 10466 | D:12     | Noticed a two-headed ogre
 10475 | D:12     | Killed a two-headed ogre
 10475 | D:12     | Reached skill level 10 in Fighting
 10475 | D:12     | Reached skill level 12 in Axes
 10475 | D:12     | Reached skill level 5 in Evocations
 11108 | Lair:1   | Entered Level 1 of the Lair of Beasts
 11756 | Lair:1   | Reached XP level 12. HP: 12/98 MP: 16/16
 11773 | Lair:1   | Got a jewelled rapier
 11774 | Lair:1   | Identified the +4 rapier "Tyssed" {freeze, rPois Dex+3}
                  | (You found it on level 1 of the Lair of Beasts)
 13128 | Lair:2   | Noticed a four-headed hydra
 13300 | D:12     | Killed a 19-headed hydra
 13689 | D:12     | Noticed a two-headed ogre
 13695 | D:12     | Killed a two-headed ogre
 13751 | D:12     | Found Gugerotu's Armour Emporium.
 13760 | D:12     | Bought the +1 pair of gloves "Dorgh" {*Contam +Inv Str+5
                  | Dex-3} for 287 gold pieces
 13935 | D:13     | Reached skill level 13 in Axes
 14059 | D:13     | Reached skill level 10 in Shields
 15477 | D:14     | Noticed a centaur warrior
 15488 | D:14     | Killed a centaur warrior
 15556 | D:14     | Slain by a troll

Illustrated notes

Levels and vault maps discovered:
D:1:      mainiacjoe_arrival_reflecting_pool, layout_basic
D:2:      layout_loops_cross
D:3:      layout_rooms, gup_sewer_entry_pipe
D:4:      layout_loops_cross, first_ration, uniq_eustachio
D:5:      layout_loops_ring, lemuel_doored_altar
D:6:      layout_basic, gammafunk_temple_overflow_wave,
          chequers_temple_overflow_statue_of_worship, minmay_temple_entry_hall
D:7:      layout_rooms, nicolae_overflow_hidden_temple
D:8:      layout_layer_cave, basic_altar
D:9:      layout_basic, david_orc_1_choice, the_bakery,
          eino_small_chamber_without_monster, uniq_erolcha
D:10:     layout_gridville, erik_lair_dragon, okawaru_trees_1
D:11:     layout_irregular_city, serial_shops, kennysheep_mini_moat
D:12:     layout_loops_ring, serial_shops, shop
D:13:     layout_loops_ring
D:14:     layout_roguey, david_vaults_4, hex_tiny, gauntlet_entry_generic,
          lemuel_nasty_fountain
Temple:   nicolae_temple_elliptical
Lair:1:   layout_chaotic_city
Lair:2:   layout_hall_layers, hibernation_bobbens

Skill      XL: |  1  2  3  4  5  6  7  8  9 10 11 12 |
---------------+-------------------------------------+-----
Fighting       | 4 5 6 7 8 9 10 11 | 11.3
Axes           | 3 4 5 6 8 9 11 12 13 | 13.7
Armour         | 4 5 6 7 8 9 10 11 | 11.4
Shields        | 4 5 6 7 8 9 10 | 10.4
Evocations     | 3 5 6 |  6.0

Action                   |  1- 3 |  4- 6 |  7- 9 | 10-12 || total
-------------------------+-------+-------+-------+-------++-------
Melee: War axe           |    81 |   236 |   388 |    49 ||   754
       Kick              |       |       |    28 |    53 ||    81
       Bite              |       |       |    11 |   103 ||   114
       Broad axe         |       |       |       |   696 ||   696
Invok: Call Merchant     |       |       |       |     1 ||     1
 Abil: Hop               |       |       |       |     6 ||     6
       Evoke Invisibilit |       |       |       |     1 ||     1
Evoke: Wand              |       |       |       |    10 ||    10
       Lightning rod     |       |       |       |     3 ||     3
  Use: Potion            |     1 |     4 |     7 |     3 ||    15
       Scroll            |       |    13 |     4 |     9 ||    26
 Stab: Distracted        |       |       |     1 |       ||     1
       Paralysed         |       |       |       |    31 ||    31
       Invisible         |       |       |       |     2 ||     2
  Eat: Chunk             |     2 |     7 |     7 |       ||    16
       Ration            |       |       |     2 |    12 ||    14
Armor: Scale mail        |    42 |   127 |       |       ||   169
       Chain mail        |       |    45 |   196 |    18 ||   259
       Skin              |       |       |    18 |       ||    18
       Plate armour      |       |       |       |   408 ||   408
Dodge: Dodged            |    31 |    97 |    47 |    95 ||   270
Block: Kite shield       |    39 |   161 |     1 |       ||   201
       Tower shield      |       |       |   393 |   798 ||  1191

Table legend:
 A = Non-vault XP
 B = Vault XP
 C = Vault XP percentage of total XP
 D = Non-vault monster count
 E = Vault monster count
 F = Vault count percentage of total count
                 A         B        C        D         E       F
            +---------+---------+-------+---------+---------+-------
      Total |   27047 |    2789 |   9.3 |     288 |      49 |  14.5
            +---------+---------+-------+---------+---------+-------
        D:1 |      37 |       0 |   0.0 |      20 |       0 |   0.0
        D:2 |      52 |       0 |   0.0 |      17 |       0 |   0.0
        D:3 |      66 |      17 |  20.5 |      17 |       7 |  29.2
        D:4 |     306 |     182 |  37.3 |      27 |       1 |   3.6
        D:5 |     811 |       0 |   0.0 |      30 |       0 |   0.0
        D:6 |     773 |       0 |   0.0 |      21 |       0 |   0.0
        D:7 |    1040 |       0 |   0.0 |      17 |       0 |   0.0
        D:8 |    1275 |       0 |   0.0 |      26 |       0 |   0.0
        D:9 |     786 |    1783 |  69.4 |      14 |      11 |  44.0
       D:10 |    1453 |     711 |  32.9 |      13 |       5 |  27.8
       D:11 |    4440 |       0 |   0.0 |      23 |       0 |   0.0
       D:12 |    4217 |       0 |   0.0 |      14 |       0 |   0.0
       D:13 |    5540 |       0 |   0.0 |      23 |       0 |   0.0
       D:14 |    1720 |       0 |   0.0 |       7 |       0 |   0.0
     Lair:1 |    3868 |       0 |   0.0 |      16 |       0 |   0.0
     Lair:2 |     663 |       0 |   0.0 |       3 |       0 |   0.0
      Sewer |       0 |      96 | 100.0 |       0 |      25 | 100.0
            +---------+---------+-------+---------+---------+-------
